 Dungeon Crawl Stone Soup version 0.29.1-14-g9c671dbff4 (webtiles) character file.

Game seed: 3383864491306628558

296 Barneous the Conjurer (level 6, -4/36 HPs)
             Began as an Octopode Conjurer on Feb 17, 2023.
             Killed from afar by an electric eel (15 damage)
             ... with a bolt of electricity
             ... on level 3 of the Dungeon.
             The game lasted 00:11:43 (3600 turns).

Barneous the Conjurer (Octopode Conjurer)           Turns: 3600, Time: 00:11:44

Health: -4/36      AC:  1    Str:  7    XL:     6   Next: 35%
Magic:  13/19      EV: 13    Int: 22    God:
Gold:   80         SH:  0    Dex: 10    Spells: 5/11 levels left

rFire   + . .      SeeInvis .   d - +4 dagger (drain)
rCold   + . .      Faith    .   (no shield)
rNeg    . . .      Spirit   .   (helmet restricted)
rPois   .          Reflect  .   (no amulet)
rElec   .          Harm     .   c - ring of magical power
rCorr   .          Rampage  .   b - ring of protection from cold
Will    .....                   e - ring of protection from fire
Stlth   ++++......              (no ring)
HPRegen 0.12/turn               (no ring)
MPRegen 0.16/turn               (no ring)
                                (no ring)
                                (no ring)

@: very slightly contaminated
A: almost no armour, amphibious, 8 rings, camouflage 1, gelatinous body 1,
(nimble swimmer 1), tentacles
a: no special abilities


You were on level 3 of the Dungeon.
You visited 1 branch of the dungeon, and saw 3 of its levels.

You collected 80 gold pieces.

Inventory:

Hand Weapons
 d - a +4 dagger of draining (weapon)
Missiles
 i - a throwing net
Jewellery
 b - a ring of protection from cold (right tentacle)
 c - a ring of magical power (left tentacle)
 e - a ring of protection from fire (on tentacle)
Wands
 l - a wand of flame (12)
Scrolls
 j - 4 scrolls of magic mapping
 k - 2 scrolls of identify
Potions
 a - a potion of magic
 f - a potion of curing
 g - a potion of heal wounds
 h - 2 potions of haste


   Skills:
 + Level 3.3 Dodging
 + Level 4.8 Stealth
 + Level 2.3 Unarmed Combat
 + Level 3.1 Spellcasting
 + Level 4.8 Conjurations


You had 5 spell levels left.
You knew the following spells:

 Your Spells              Type           Power      Damage    Failure   Level
a - Magic Dart            Conj           96%        1d7       1%          1
b - Searing Ray           Conj           48%        2d6       2%          2
c - Mephitic Cloud        Conj/Pois/Air  10%        N/A       19%         3

Your spell library contained the following spells:

 Spells                   Type           Power      Damage    Failure   Level
 Dazzling Flash           Conj/Hex       28%        N/A       14%         3
 Ensorcelled Hibernation  Hex/Ice        6%         N/A       19%         2
 Ignite Poison            Fire/Tmut/Pois 3%         N/A       36%         3
 Spider Form              Tmut/Pois      3%         N/A       36%         3
 Fulminant Prism          Conj/Hex       7%         3d7       41%         4
 Iskenderun's Mystic Bla  Conj/Tloc      14%        2d5       41%         4
 Anguish                  Hex/Necr       1%         N/A       77%         4
 Freezing Cloud           Conj/Ice/Air   5%         6-21      87%         5


Dungeon Overview and Level Annotations

Branches:
Dungeon (3/15)

Altars:
Cheibriados
Fedhas

Shops:
D:3 (:[

Annotations:
D:3 1 transporter


Innate Abilities, Weirdness & Mutations

You cannot wear most types of armour.
You are amphibious.
You can wear up to eight rings at the same time.
Your skin changes colour to match your surroundings (Stealth+).
Your rubbery body absorbs attacks. (AC +1, EV +1)
((You are camouflaged when in or above water. (Stealth+)))
You have tentacles for arms and can constrict up to eight enemies at once.


Message History

You puncture the endoplasm!
You kill the endoplasm!
Found a blossoming altar of Fedhas.
There is an open door here.
Found a transporter.
Partly explored, unvisited transporter.
Partly explored, unvisited transporter.
There is a transporter landing site here.
You can't go down here!
There is a transporter here.
You enter the transporter and appear at another place.
l - a wand of flame (12)
There are no items here.
You open the door.
There are monsters nearby!
Casting: Searing Ray (safe; 2% risk of failure)
Confirm with . or Enter, or press ? or * to list all spells.
The spell is quite dangerous to miscast (19% risk of failure)!
Continue anyway?
Aiming: Mephitic Cloud (quite dangerous; 19% risk of failure)
Press: ? - help, Shift-Dir - straight line, f - electric eel
Aim: an electric eel (chance to affect: 86%)
You miscast Mephitic Cloud.
You are very lightly contaminated with residual magic.
Nothing appears to happen.
The electric eel shoots out a bolt of lightning at you!
The bolt of electricity misses you. The bolt of electricity hits you!
Casting: Mephitic Cloud (quite dangerous; 19% risk of failure)
Confirm with . or Enter, or press ? or * to list all spells.
The spell is quite dangerous to miscast (19% risk of failure)!
Continue anyway? [Y]es or [N]o only, please.
The spell is quite dangerous to miscast (19% risk of failure)!
Continue anyway?
Aiming: Mephitic Cloud (quite dangerous; 19% risk of failure)
Press: ? - help, Shift-Dir - straight line, f - electric eel
Aim: an electric eel (chance to affect: 86%)
You miscast Mephitic Cloud.
Nothing appears to happen.
The electric eel shoots out a bolt of lightning at you!
The bolt of electricity misses you.
The electric eel shoots out a bolt of lightning at you!
The bolt of electricity hits you! x2
You die...

#....##.# #PP.#......#
#.#.....# ######.##.###
#...[#..# #......##.#
####....######..######.#####
###.###.................# #.#
#.###############.#
##.###.#8P#SS~~~~~#P8#.##
##..##..#..#..~PP~~#..#..##
##...#..©#©.@..S⌠~~~+?©#©..##
###........#..#..~~P~~#..#.....
#......###.#8P#~~~~~~~#P8#.####
#.###..# #.###############.#
#.#....# #.................#
#.#.#.## #####...########.##
#.#.#.# ##'## #.# #.....# #.#
#.# ###.###########.# #.#


You could see 3 electric eels.

Vanquished Creatures
  Grinder (D:3)
  3 adders
  3 dart slugs (D:2)
  A worm (D:2)
  2 orcs
  6 bats
  10 endoplasms
  A giant cockroach (D:2)
  9 goblins
  5 hobgoblins
  5 kobolds
  2 quokkas
  5 ball pythons
  9 frilled lizards
  5 rats
67 creatures vanquished.

Notes
Turn   | Place    | Note
-------+----------+-------------------------------------------
     0 | D:1      | Barneous the Octopode Conjurer began the quest for the Orb.
     0 | D:1      | Reached XP level 1. HP: 11/11 MP: 3/3
   318 | D:1      | Reached XP level 2. HP: 17/17 MP: 3/5
   604 | D:1      | Learned a level 2 spell: Searing Ray
   839 | D:1      | Reached XP level 3. HP: 21/21 MP: 6/6
  1139 | D:2      | Reached skill level 1 in Unarmed Combat
  1523 | D:2      | Reached XP level 4. HP: 26/27 MP: 7/7
  1783 | D:2      | Learned a level 3 spell: Mephitic Cloud
  2498 | D:3      | Found a snail-covered altar of Cheibriados.
  2536 | D:3      | Found Peunlohory's Book Shoppe.
  2561 | D:3      | Noticed Grinder
  2573 | D:3      | Killed Grinder
  2574 | D:3      | Reached XP level 5. HP: 31/31 MP: 9/9
  2574 | D:3      | Reached XP level 6. HP: 36/36 MP: 10/10
  2709 | D:3      | Found Zof Gipt's Armour Shoppe.
  2746 | D:3      | Found a faded altar of an unknown god.
  3214 | D:3      | Found Ecipn's Weapon Emporium.
  3248 | D:3      | Found a transporter.
  3438 | D:3      | Found a blossoming altar of Fedhas.
  3498 | D:3      | Found a transporter.
  3600 | D:3      | Killed from afar by an electric eel

Illustrated notes

Levels and vault maps discovered:
D:1:      saegor_arrival_simple_c, layout_basic, serial_bayou_crossing
D:2:      layout_loops_ring, grunt_ministairs_4
D:3:      gammafunk_steamed_eel, layout_loops_corners,
          mainiacjoe_overflow_small_starburst, lemuel_coloured_pillars_altar,
          serial_aquarium, aquarium_bridge_long_joined
          [aquarium_subvault_window, aquarium_subvault_bridge,
          aquarium_subvault_bridge, aquarium_subvault_wall,
          aquarium_subvault_bridge, aquarium_subvault_bridge],
          aquarium_window_fake, aquarium_window_2, aquarium_window_1,
          aquarium_view_2f, aquarium_view_2f, aquarium_pool_1,
          ebering_ecumenical_altar_abandoned, serial_shops,
          nicolae_shop_crystal, nicolae_shop_bloodbath_and_beyond, shop,
          kennysheep_pointless_box, uniq_grinder

Skill      XL: |  1  2  3  4 |
---------------+-------------+-----
Stealth        | 3 4 |  4.8
Unarmed Combat | 1 2 |  2.3
Dodging        | 3 |  3.3
Spellcasting   | 3 |  3.1
Conjurations   | |  4.8

Action                   |  1- 3 |  4- 6 || total
-------------------------+-------+-------++-------
Melee: Unarmed           |    12 |       ||    12
       Tentacles         |     1 |     2 ||     3
       Dagger            |     4 |     8 ||    12
       Constrict         |     1 |     1 ||     2
       Punch             |       |     1 ||     1
 Cast: Magic Dart        |    59 |    44 ||   103
       Searing Ray       |     3 |     5 ||     8
       Mephitic Cloud    |       |     1 ||     1
  Use: Scroll            |     5 |     6 ||    11
       Potion            |     2 |       ||     2
 Stab: Sleeping          |       |     2 ||     2
Armor: Skin              |     1 |     1 ||     2
Dodge: Dodged            |     8 |     8 ||    16
